[Event "Ste-Foy 4 2025-26"]
[Site "Ste-Foy CAN"]
[Date "2026.02.02"]
[Round "4"]
[White "Renzo, Alain"]
[Black "Houde, Louis-Thomas"]
[Result "0-1"]
[ECO "B13"]
[WhiteElo "1222"]
[BlackElo "1390"]
[WhiteFideId "-1"]
[BlackFideId "-1"]
[PlyCount "86"]
[GameId "2276391286162548"]
[EventDate "2026.01.12"]
[EventType "swiss"]
[EventRounds "5"]
[EventCountry "CAN"]
[TimeControl "5400+30"]

1. e4 c6 2. d4 d5 3. exd5 cxd5 4. Nf3 Nf6 5. Bf4 Bf5 6. Nbd2 Nc6 7. c3 e6 8. Be2 Be7 9. O-O Ne4 10. Nxe4 Bxe4 11. Qd2 h6 12. Rfe1 O-O 13. Ne5 Bd6 14. f3 Bxe5 15. Bxe5 Nxe5 16. dxe5 Bh7 17. Qd4 Qc7 18. Rac1 Rfd8 19. Bf1 b6 20. Ba6 Rab8 21. c4 Qe7 22. a3 Qc5 23. Red1 dxc4 24. Qxc5 Rxd1+ 25. Rxd1 bxc5 26. Bxc4 Bc2 27. Rd7 a5 28. Rc7 Rxb2 29. Rxc5 a4 30. Bb5 Ra2 31. Rc3 Bb3 32. h3 Rxa3 33. Bxa4 Ra1+ 34. Kh2 Bxa4 35. Kg3 Kh7 36. h4 Ra2 37. f4 Bb5 38. Rc1 Kg6 39. Rg1 Kf5 40. Rb1 Bc6 41. Rg1 Ra3+ 42. Kh2 Kg4 43. g3 Ra2+ 0-1

[Event "Ste-Foy 4 2025-26"]
[Site "Ste-Foy CAN"]
[Date "2026.02.02"]
[Round "4"]
[White "Wafer, Jacques"]
[Black "Descheenes, Andre-Philippe"]
[Result "1-0"]
[ECO "A85"]
[WhiteElo "1389"]
[BlackElo "1252"]
[WhiteFideId "-1"]
[BlackFideId "-1"]
[PlyCount "99"]
[GameId "2276391359906944"]
[EventDate "2026.01.12"]
[EventType "swiss"]
[EventRounds "5"]
[EventCountry "CAN"]
[TimeControl "5400+30"]

1. d4 f5 2. Nf3 Nf6 3. c4 d6 4. Nc3 Nbd7 5. h3 g6 6. Bf4 h6 7. e3 g5 8. Bh2 Bg7 9. Bd3 e6 10. Qa4 O-O 11. Qc2 Re8 12. O-O Nf8 13. Rad1 b6 14. Rfe1 Bb7 15. e4 fxe4 16. Nxe4 Nxe4 17. Bxe4 Bxe4 18. Rxe4 Qd7 19. b3 Qf7 20. h4 Qg6 21. hxg5 d5 22. Re2 Qxc2 23. Rxc2 c6 24. gxh6 Bxh6 25. Re1 Re7 26. cxd5 cxd5 27. Bd6 Rg7 28. Bxf8 Rxf8 29. Rxe6 Rxf3 30. Rxh6 Rd3 31. Rc8+ Kf7 32. Rc7+ Kg8 33. Rc8+ Kf7 34. Rh4 Rd1+ 35. Kh2 Rd2 36. Rf4+ Kg6 37. Rd8 Kg5 38. g3 Rh7+ 39. Kg2 Rxa2 40. Rxd5+ Kg6 41. Rf3 Rf7 42. Rxf7 Kxf7 43. Re5 Rd2 44. Re4 Rd3 45. b4 a5 46. bxa5 bxa5 47. Kf1 a4 48. Ke2 a3 49. Kxd3 a2 50. Re1 1-0

[Event "Ste-Foy 4 2025-26"]
[Site "Ste-Foy CAN"]
[Date "2026.02.02"]
[Round "4"]
[White "Pepin, Pierre-Luc"]
[Black "Fleury, Dominic"]
[Result "0-1"]
[ECO "C33"]
[WhiteElo "1129"]
[BlackElo "1327"]
[WhiteFideId "-1"]
[BlackFideId "-1"]
[PlyCount "30"]
[GameId "2276391442969740"]
[EventDate "2026.01.12"]
[EventType "swiss"]
[EventRounds "5"]
[EventCountry "CAN"]
[TimeControl "5400+30"]

1. e4 e5 2. f4 exf4 3. h4 d6 4. d3 h5 5. Be2 g6 6. Bxf4 Nc6 7. c3 Nf6 8. g3 Bd7 9. Nf3 Qe7 10. Nbd2 O-O-O 11. Ng5 Nh7 12. Rf1 f5 13. Qb3 Ne5 14. Bxe5 dxe5 15. Nf7 Be6 0-1

[Event "Ste-Foy 4 2025-26"]
[Site "Ste-Foy CAN"]
[Date "2026.02.02"]
[Round "4"]
[White "Godin, Francois"]
[Black "Monat, Henri"]
[Result "0-1"]
[ECO "D37"]
[WhiteElo "1038"]
[BlackElo "1159"]
[WhiteFideId "-1"]
[BlackFideId "-1"]
[PlyCount "78"]
[GameId "2276391522903192"]
[EventDate "2026.01.12"]
[EventType "swiss"]
[EventRounds "5"]
[EventCountry "CAN"]
[TimeControl "5400+30"]

1. d4 d5 2. c4 e6 3. Nf3 Nf6 4. Nc3 Bd7 5. Bg5 dxc4 6. e3 Be7 7. Bxc4 Bc6 8. O-O O-O 9. Re1 h6 10. Bf4 a6 11. Bb3 Re8 12. Ne5 g5 13. Nxc6 bxc6 14. Be5 Nbd7 15. Qf3 Nd5 16. Nxd5 cxd5 17. Qh5 Bf8 18. Rf1 c6 19. f4 f6 20. Bc2 f5 21. h3 Nxe5 22. dxe5 Qb6 23. fxg5 Qxe3+ 24. Kh1 Qxg5 25. Qxg5+ hxg5 26. g3 a5 27. h4 g4 28. Rf2 Bc5 29. Rh2 Bd4 30. Re1 Bxb2 31. h5 Ba3 32. Rb1 Rab8 33. h6 Rxb1+ 34. Bxb1 Kh7 35. Bc2 c5 36. Ba4 Rd8 37. Kg2 Bb2 38. Kf2 Bxe5 39. Ke3 Bxg3 0-1

[Event "Ste-Foy 5 2025-26"]
[Site "Ste-Foy CAN"]
[Date "2026.02.16"]
[Round "1"]
[White "Belanger, Mathieu-Olivier"]
[Black "Caron-Ouellette, Charles"]
[Result "1-0"]
[ECO "C50"]
[WhiteElo "1920"]
[BlackElo "1382"]
[WhiteFideId "-1"]
[BlackFideId "-1"]
[PlyCount "43"]
[GameId "2278881533437202"]
[EventDate "2026.02.16"]
[EventType "swiss"]
[EventRounds "5"]
[EventCountry "CAN"]
[TimeControl "5400+30"]

1. e4 e5 2. Nf3 Nc6 3. Bc4 f5 4. d4 fxe4 5. Nxe5 Nxe5 6. dxe5 d5 7. Bxd5 Be7 8. O-O Bg5 9. Qh5+ g6 10. Qxg5 Qxd5 11. Nc3 Qc6 12. Re1 Bf5 13. Qe3 O-O-O 14. Qxa7 Kd7 15. Bg5 Ne7 16. Qa3 Qe6 17. Rad1+ Ke8 18. Rxd8+ Kxd8 19. Bxe7+ Qxe7 20. Qa8+ Bc8 21. Rd1+ Ke8 22. Qxc8+ 1-0

[Event "Ste-Foy 5 2025-26"]
[Site "Ste-Foy CAN"]
[Date "2026.02.16"]
[Round "1"]
[White "Poitras, Marc"]
[Black "Chouinard, Etienne"]
[Result "0-1"]
[ECO "D37"]
[WhiteElo "1330"]
[BlackElo "1774"]
[WhiteFideId "-1"]
[BlackFideId "-1"]
[PlyCount "54"]
[GameId "2278881643017502"]
[EventDate "2026.02.16"]
[EventType "swiss"]
[EventRounds "5"]
[EventCountry "CAN"]
[TimeControl "5400+30"]

1. d4 d5 2. c4 e6 3. Nc3 Nf6 4. Nf3 c6 5. Bf4 Nbd7 6. Qc2 Be7 7. e3 O-O 8. Ng5 Re8 9. Be5 g6 10. Be2 Nxe5 11. dxe5 Nd7 12. Nf3 Bf8 13. cxd5 exd5 14. e4 dxe4 15. e6 Rxe6 16. Nxe4 Qa5+ 17. Nfd2 Bh6 18. Nc3 Nf6 19. O-O-O b5 20. Kb1 Rxe2 21. Nb3 Rxc2 22. Nxa5 Bf5 23. Ka1 b4 24. Na4 Nd5 25. Nxc6 Rxc6 26. Rxd5 Rac8 27. Rdd1 Bc2 0-1

[Event "Ste-Foy 5 2025-26"]
[Site "Ste-Foy CAN"]
[Date "2026.02.16"]
[Round "1"]
[White "Lescarbeau, Martin"]
[Black "Nougaret, Jonathan"]
[Result "1-0"]
[ECO "C56"]
[WhiteElo "1737"]
[BlackElo "1327"]
[WhiteFideId "-1"]
[BlackFideId "-1"]
[PlyCount "51"]
[GameId "2278881713780010"]
[EventDate "2026.02.16"]
[EventType "swiss"]
[EventRounds "5"]
[EventCountry "CAN"]
[TimeControl "5400+30"]

1. e4 e5 2. Nf3 Nc6 3. d4 exd4 4. Bc4 Nf6 5. O-O Nxe4 6. Re1 d5 7. Bxd5 Qxd5 8. Nc3 Qd8 9. Rxe4+ Be7 10. Nxd4 Bd7 11. Nd5 Nxd4 12. Rxe7+ Kf8 13. Qxd4 Be6 14. Qb4 Kg8 15. Ne3 b6 16. Bd2 c5 17. Qe4 Rc8 18. Rxe6 fxe6 19. Qxe6+ Kf8 20. Nf5 Qe8 21. Qb3 Qd7 22. Qf3 Kg8 23. Bg5 c4 24. Ne7+ Qxe7 25. Bxe7 Rf8 26. Qxf8# 1-0

[Event "Ste-Foy 5 2025-26"]
[Site "Ste-Foy CAN"]
[Date "2026.02.16"]
[Round "1"]
[White "Fleury, Dominic"]
[Black "Potvin, Alain-Nicolas"]
[Result "0-1"]
[ECO "E62"]
[WhiteElo "1318"]
[BlackElo "1717"]
[WhiteFideId "-1"]
[BlackFideId "-1"]
[PlyCount "92"]
[GameId "2278881774839094"]
[EventDate "2026.02.16"]
[EventType "swiss"]
[EventRounds "5"]
[EventCountry "CAN"]
[TimeControl "5400+30"]

1. c4 Nf6 2. Nc3 g6 3. d4 Bg7 4. Nf3 d6 5. g3 O-O 6. Bg2 c6 7. O-O Qa5 8. Qc2 Qh5 9. Ne4 Nbd7 10. Nh4 Nxe4 11. Bxe4 Bxd4 12. Bf3 Qc5 13. Bd2 Ne5 14. e3 Qxc4 15. Qxc4 Nxc4 16. exd4 Nxd2 17. Rfe1 Nxf3+ 18. Nxf3 Bg4 19. Nd2 Rfe8 20. Ne4 Bf3 21. Ng5 Bd5 22. a3 e5 23. Rad1 h6 24. Ne4 Bxe4 25. Rxe4 exd4 26. Rexd4 d5 27. f3 Re2 28. R1d2 Rae8 29. h4 R8e3 30. Kf1 Rxd2 31. Rxd2 Rxf3+ 32. Kg2 Rf6 33. Re2 Re6 34. Rd2 f5 35. Kf3 Re4 36. b4 a6 37. Rd3 Kf7 38. Rb3 Rc4 39. a4 d4 40. a5 Rc3+ 41. Rxc3 dxc3 42. Ke3 g5 43. hxg5 hxg5 44. Kd3 f4 45. gxf4 gxf4 46. Kxc3 Ke6 0-1

[Event "Ste-Foy 5 2025-26"]
[Site "Ste-Foy CAN"]
[Date "2026.02.16"]
[Round "1"]
[White "Voisin, Antoine"]
[Black "Deschenes, Andre-Philippe"]
[Result "1-0"]
[ECO "C11"]
[WhiteElo "1645"]
[BlackElo "1256"]
[WhiteFideId "-1"]
[BlackFideId "-1"]
[PlyCount "25"]
[GameId "2278881849333058"]
[EventDate "2026.02.16"]
[EventType "swiss"]
[EventRounds "5"]
[EventCountry "CAN"]
[TimeControl "5400+30"]

1. e4 e6 2. d4 d5 3. Nc3 Nf6 4. e5 Nfd7 5. Nf3 Be7 6. Bd3 O-O 7. h4 c5 8. Bxh7+ Kxh7 9. Ng5+ Kg8 10. Qh5 Bxg5 11. hxg5 f6 12. g6 Rf7 13. Qh8# 1-0

[Event "Ste-Foy 5 2025-26"]
[Site "Ste-Foy CAN"]
[Date "2026.02.16"]
[Round "1"]
[White "Couture, Francois"]
[Black "Cantin, Guillaume"]
[Result "0-1"]
[ECO "D35"]
[WhiteElo "1232"]
[BlackElo "1626"]
[WhiteFideId "-1"]
[BlackFideId "-1"]
[PlyCount "78"]
[GameId "2278881923085646"]
[EventDate "2026.02.16"]
[EventType "swiss"]
[EventRounds "5"]
[EventCountry "CAN"]
[TimeControl "5400+30"]

1. d4 Nf6 2. c4 e6 3. Nf3 d5 4. Nc3 Be7 5. cxd5 exd5 6. h3 b6 7. Bf4 O-O 8. Rc1 c6 9. Qc2 Re8 10. a3 Ne4 11. Nxe4 dxe4 12. Ne5 Bb7 13. e3 c5 14. Qc4 Bd5 15. Qc3 Nd7 16. Be2 Nxe5 17. Bxe5 Rc8 18. O-O Bd6 19. f4 exf3 20. Bxf3 Bxf3 21. Rxf3 Bxe5 22. dxe5 Qg5 23. Rcf1 Qxe5 24. Qxe5 Rxe5 25. Rxf7 Rxe3 26. Rxa7 Rf8 27. Rb7 Rxf1+ 28. Kxf1 Rb3 29. a4 Rxb2 30. a5 h6 31. a6 Kh7 32. a7 Ra2 33. Rxb6 Rxa7 34. Rc6 Ra1+ 35. Kf2 Rc1 36. Kg3 g5 37. h4 Rc3+ 38. Kg4 Rc4+ 39. Kh5 Rxh4# 0-1

[Event "Ste-Foy 5 2025-26"]
[Site "Ste-Foy CAN"]
[Date "2026.02.16"]
[Round "1"]
[White "Laurendeau, Alfred"]
[Black "Renzo, Alain"]
[Result "1-0"]
[ECO "A07"]
[WhiteElo "1579"]
[BlackElo "1203"]
[WhiteFideId "-1"]
[BlackFideId "-1"]
[PlyCount "83"]
[GameId "2278882001352026"]
[EventDate "2026.02.16"]
[EventType "swiss"]
[EventRounds "5"]
[EventCountry "CAN"]
[TimeControl "5400+30"]

1. Nf3 e6 2. g3 d5 3. Bg2 Nf6 4. O-O Bd7 5. c4 c5 6. cxd5 Nxd5 7. Nc3 Bc6 8. Ne5 a6 9. b3 Bd6 10. Nxc6 bxc6 11. Bb2 O-O 12. Rc1 Nd7 13. e4 Nb4 14. Qe2 Ne5 15. f4 Ned3 16. Ba1 Qc7 17. a3 Nxc1 18. Rxc1 Ra7 19. axb4 cxb4 20. Na4 e5 21. fxe5 Bxe5 22. d4 Bxg3 23. hxg3 Qxg3 24. Qf3 Qg5 25. Rxc6 Re8 26. d5 f6 27. Bd4 Rae7 28. Nc5 a5 29. Ne6 Qd2 30. Qe3 Qd1+ 31. Kf2 Qh5 32. Qh3 Qg6 33. Qg3 Qxg3+ 34. Kxg3 g5 35. Bxf6 Rf7 36. Nxg5 Rd7 37. e5 h6 38. Ne6 Kf7 39. Nc5 Rg8+ 40. Kf2 Ra7 41. d6 Rg4 42. Rc7+ 1-0

[Event "Ste-Foy 5 2025-26"]
[Site "Ste-Foy CAN"]
[Date "2026.02.16"]
[Round "1"]
[White "Pepin, Pierre-Luc"]
[Black "Lorge, Edouard"]
[Result "1-0"]
[ECO "A81"]
[WhiteElo "1177"]
[BlackElo "1495"]
[WhiteFideId "-1"]
[BlackFideId "-1"]
[PlyCount "119"]
[GameId "2278882087642470"]
[EventDate "2026.02.16"]
[EventType "swiss"]
[EventRounds "5"]
[EventCountry "CAN"]
[TimeControl "5400+30"]

1. d4 e6 2. g3 f5 3. Bg2 Nf6 4. Nf3 d5 5. O-O Bd6 6. Nc3 c6 7. b3 O-O 8. a3 Nbd7 9. Bb2 Ne4 10. e3 Qe8 11. Nd2 Ndf6 12. Ndxe4 Nxe4 13. f4 Be7 14. Nxe4 fxe4 15. Qe2 Qg6 16. Kf2 Qh6 17. Rh1 Bd7 18. Ke1 Rac8 19. Rc1 c5 20. c3 cxd4 21. cxd4 Rxc1+ 22. Bxc1 Rc8 23. Bb2 a6 24. Bf1 Bb5 25. Qg2 Bxf1 26. Rxf1 Qh5 27. Kd2 Qe8 28. Rc1 Rxc1 29. Kxc1 Qb5 30. b4 Qd3 31. Qd2 Qc4+ 32. Bc3 a5 33. Kb2 a4 34. Qc2 b5 35. h4 h5 36. Be1 Kf7 37. Qxc4 dxc4 38. Kc2 Kg6 39. Kd1 Kf5 40. Ke2 Kg4 41. Kf2 Bxh4 42. gxh4 Kxh4 43. f5 exf5 44. d5 Kg5 45. d6 Kf6 46. Bc3+ Ke6 47. Bxg7 Kxd6 48. Kg3 Ke6 49. Bc3 Kf7 50. Be1 Kg6 51. Kf4 Kf6 52. Bc3+ Kg6 53. Be5 h4 54. Bc3 h3 55. Kg3 h2 56. Kxh2 f4 57. exf4 e3 58. Kg2 Kf5 59. Kf3 e2 60. Bd2 1-0

[Event "Ste-Foy 5 2025-26"]
[Site "Ste-Foy CAN"]
[Date "2026.02.16"]
[Round "1"]
[White "Blais, Pierre-Luc"]
[Black "Monat, Henri"]
[Result "1-0"]
[ECO "A05"]
[WhiteElo "1466"]
[BlackElo "1095"]
[WhiteFideId "-1"]
[BlackFideId "-1"]
[PlyCount "83"]
[GameId "2278882172118386"]
[EventDate "2026.02.16"]
[EventType "swiss"]
[EventRounds "5"]
[EventCountry "CAN"]
[TimeControl "5400+30"]

1. Nf3 Nf6 2. g3 g6 3. Bg2 Bg7 4. d3 Nc6 5. c3 b6 6. e4 Bb7 7. O-O O-O 8. Qc2 d6 9. Bg5 h6 10. Be3 Ng4 11. Bd2 Nge5 12. Nh4 Ba6 13. Qa4 Bxd3 14. Re1 b5 15. Qd1 Rb8 16. f4 Nd7 17. f5 g5 18. Nf3 b4 19. Re3 Ba6 20. Qc2 Bc8 21. Re2 a5 22. Be3 Ba6 23. Rf2 Nce5 24. Nxe5 Nxe5 25. Bd4 c5 26. Bxe5 Bxe5 27. Nd2 Bf6 28. c4 Qd7 29. Rff1 a4 30. Rad1 Bb7 31. b3 a3 32. Qd3 Rbd8 33. Qe2 Kh7 34. Qg4 Rfe8 35. Nf3 Qc7 36. h4 Rg8 37. hxg5 Bxg5 38. Nxg5+ Rxg5 39. Qf4 f6 40. Kf2 Rdg8 41. Rh1 Rg4 42. Qxh6# 1-0

[Event "Ste-Foy 5 2025-26"]
[Site "Ste-Foy CAN"]
[Date "2026.02.16"]
[Round "1"]
[White "Taran, Maksim"]
[Black "Yergeau, Samuel"]
[Result "0-1"]
[ECO "C54"]
[WhiteElo "1094"]
[BlackElo "1429"]
[WhiteFideId "-1"]
[BlackFideId "-1"]
[PlyCount "78"]
[GameId "2278882255725950"]
[EventDate "2026.02.16"]
[EventType "swiss"]
[EventRounds "5"]
[EventCountry "CAN"]
[TimeControl "5400+30"]

1. e4 e5 2. Nf3 Nc6 3. Bc4 Bc5 4. c3 Nf6 5. Ng5 d5 6. exd5 Nxd5 7. Qf3 Qxg5 8. Bxd5 Nd8 9. O-O Qg6 10. Be4 Qe6 11. Bd5 Qe7 12. Re1 Bd6 13. d4 f6 14. Nd2 c6 15. Bb3 Be6 16. Bxe6 Qxe6 17. Ne4 O-O 18. Qh5 exd4 19. cxd4 Nf7 20. Bd2 Qc4 21. Nxd6 Nxd6 22. Qg4 Nb5 23. Bh6 Rf7 24. Be3 Rd8 25. b3 Qb4 26. Rac1 Nxd4 27. Bxd4 Rxd4 28. Re8+ Rf8 29. Qe6+ Kh8 30. a3 Qxa3 31. Re1 h6 32. Qf7 Rxe8 33. Rxe8+ Kh7 34. g3 Rd1+ 35. Kg2 Qd6 36. h3 Qd7 37. Kh2 Qxf7 38. Re2 Qd5 39. Rc2 Qh1# 0-1

[Event "Ste-Foy 5 2025-26"]
[Site "Ste-Foy CAN"]
[Date "2026.02.16"]
[Round "1"]
[White "Grimard, Carl"]
[Black "Godin, Francois"]
[Result "1-0"]
[ECO "A85"]
[WhiteElo "1414"]
[BlackElo "1052"]
[WhiteFideId "-1"]
[BlackFideId "-1"]
[PlyCount "91"]
[GameId "2278882326390154"]
[EventDate "2026.02.16"]
[EventType "swiss"]
[EventRounds "5"]
[EventCountry "CAN"]
[TimeControl "5400+30"]

1. c4 f5 2. e3 Nf6 3. Nc3 g6 4. Nf3 Bg7 5. d4 O-O 6. b3 b6 7. Bb2 e6 8. Be2 Bb7 9. Qc2 Qe8 10. O-O Ne4 11. Nd2 Nxc3 12. Bxc3 d6 13. b4 Nd7 14. c5 e5 15. dxe5 dxe5 16. Rad1 bxc5 17. bxc5 Nxc5 18. Bb4 Qc6 19. Nf3 Rfe8 20. Qxc5 Bf8 21. Qxc6 Bxc6 22. Bxf8 Kxf8 23. Rc1 Re6 24. Ng5 Rd6 25. Nxh7+ Kg7 26. Ng5 Rb8 27. Rc2 Kf6 28. Nf3 Rc8 29. Rfc1 Ba4 30. Rxc7 Rcd8 31. h3 g5 32. Rxa7 Bd1 33. Bxd1 Rxd1+ 34. Rxd1 Rxd1+ 35. Kh2 Rd6 36. Ra5 g4 37. hxg4 fxg4 38. Nxe5 Rd8 39. Nxg4+ Ke7 40. Ra6 Kd7 41. f4 Kc7 42. f5 Kb7 43. Re6 Ra8 44. f6 Rxa2 45. f7 Ra8 46. Re8 1-0

[Event "Ste-Foy 5 2025-26"]
[Site "Ste-Foy CAN"]
[Date "2026.02.16"]
[Round "1"]
[White "Aguilar Balzano, Sebastian"]
[Black "Tremblay, Charles"]
[Result "1-0"]
[ECO "B22"]
[WhiteElo "1263"]
[BlackElo "1488"]
[WhiteFideId "-1"]
[BlackFideId "-1"]
[PlyCount "33"]
[GameId "2278882469193122"]
[EventDate "2026.02.16"]
[EventType "swiss"]
[EventRounds "5"]
[EventCountry "CAN"]
[TimeControl "5400+30"]

1. e4 c5 2. c3 e6 3. d4 Nc6 4. Nf3 Nf6 5. Bd3 Be7 6. Nbd2 O-O 7. Nf1 b6 8. h4 d5 9. e5 Ne4 10. Be3 c4 11. Bc2 b5 12. Ng5 Nxg5 13. Bxg5 Bxg5 14. hxg5 Qxg5 15. f4 Qxg2 16. Bxh7+ Kh8 17. Qh5 1-0

[Event "Ste-Foy 5 2025-26"]
[Site "Ste-Foy CAN"]
[Date "2026.02.23"]
[Round "2"]
[White "Chouinard, Etienne"]
[Black "Laurendeau, Alfred"]
[Result "1-0"]
[ECO "B01"]
[WhiteElo "1774"]
[BlackElo "1579"]
[WhiteFideId "-1"]
[BlackFideId "-1"]
[PlyCount "47"]
[GameId "2281835165375894"]
[EventDate "2026.02.16"]
[EventType "swiss"]
[EventRounds "5"]
[EventCountry "CAN"]
[TimeControl "5400+30"]

1. e4 d5 2. exd5 Qxd5 3. Nc3 Qd8 4. Nf3 Nf6 5. Bc4 a6 6. a4 Nc6 7. d3 Bf5 8. Be3 e6 9. h3 Be7 10. O-O O-O 11. Ne2 Nd5 12. Bxd5 exd5 13. Nf4 Qd7 14. Nd4 Nxd4 15. Bxd4 c5 16. Bc3 d4 17. Bd2 b5 18. g4 g5 19. gxf5 gxf4 20. Qh5 Bd6 21. Qg5+ Kh8 22. Qf6+ Kg8 23. Kh1 Qc6+ 24. f3 1-0

[Event "Ste-Foy 5 2025-26"]
[Site "Ste-Foy CAN"]
[Date "2026.02.23"]
[Round "2"]
[White "Blais, Pierre-Luc"]
[Black "Aguilar Balzano, Sebastian"]
[Result "1-0"]
[ECO "A07"]
[WhiteElo "1466"]
[BlackElo "1263"]
[WhiteFideId "-1"]
[BlackFideId "-1"]
[PlyCount "79"]
[GameId "2281835235843490"]
[EventDate "2026.02.16"]
[EventType "swiss"]
[EventRounds "5"]
[EventCountry "CAN"]
[TimeControl "5400+30"]

1. Nf3 e6 2. g3 d5 3. Bg2 Nf6 4. O-O Be7 5. d3 O-O 6. c3 c5 7. Qc2 Nc6 8. e4 b6 9. exd5 exd5 10. Nbd2 Re8 11. a3 Bb7 12. b4 cxb4 13. axb4 Rc8 14. Qb3 Qd7 15. d4 a6 16. Re1 Qc7 17. Nf1 b5 18. Bf4 Bd6 19. Bxd6 Qxd6 20. N3d2 Ne7 21. Ne3 Rc7 22. Rec1 Rec8 23. Bh3 Re8 24. Qd1 h6 25. Nb3 Bc8 26. Bg2 Rd8 27. Qd3 Kh8 28. Nd1 Re8 29. Nb2 Kg8 30. Qc2 Nc6 31. Nc5 Ne7 32. Nbd3 Rc6 33. Re1 Bf5 34. Qb3 Rec8 35. Ne5 Rb6 36. Qd1 Ng6 37. Qb3 Re8 38. Nxg6 Rxe1+ 39. Rxe1 Bxg6 40. Re5 1-0

[Event "Ste-Foy 5 2025-26"]
[Site "Ste-Foy CAN"]
[Date "2026.02.23"]
[Round "2"]
[White "Potvin, Alain-Nicolas"]
[Black "Pepin, Pierre-Luc"]
[Result "1-0"]
[ECO "D02"]
[WhiteElo "1717"]
[BlackElo "1177"]
[WhiteFideId "-1"]
[BlackFideId "-1"]
[PlyCount "77"]
[GameId "2281835311312302"]
[EventDate "2026.02.16"]
[EventType "swiss"]
[EventRounds "5"]
[EventCountry "CAN"]
[TimeControl "5400+30"]

1. d4 d5 2. Nf3 g6 3. e3 Bg7 4. Bd3 c6 5. O-O Nd7 6. c4 Ndf6 7. Nc3 e6 8. Ne5 Nd7 9. f4 f5 10. b4 Nxe5 11. fxe5 Nh6 12. b5 Bd7 13. a4 O-O 14. a5 Re8 15. Bd2 Bf8 16. Qc1 Nf7 17. Qe1 Be7 18. Qf2 Bh4 19. g3 Bg5 20. h4 Be7 21. e4 dxe4 22. Nxe4 Nxe5 23. dxe5 fxe4 24. Qf7+ Kh8 25. Bh6 Bf8 26. Bg5 Be7 27. Bxe7 Rxe7 28. Qf6+ Kg8 29. Bxe4 cxb5 30. Bxb7 Rb8 31. a6 bxc4 32. Rad1 Qf8 33. Qg5 Rf7 34. Qe3 Qg7 35. Qxa7 Rbf8 36. Rxf7 Rxf7 37. Qb8+ Rf8 38. Qd6 Bc8 39. Bxc8 1-0

[Event "Ste-Foy 5 2025-26"]
[Site "Ste-Foy CAN"]
[Date "2026.02.23"]
[Round "2"]
[White "Lorge, Edouard"]
[Black "Lebel, Michel"]
[Result "1-0"]
[ECO "D20"]
[WhiteElo "1495"]
[BlackElo "1076"]
[WhiteFideId "-1"]
[BlackFideId "-1"]
[PlyCount "77"]
[GameId "2281835457056198"]
[EventDate "2026.02.16"]
[EventType "swiss"]
[EventRounds "5"]
[EventCountry "CAN"]
[TimeControl "5400+30"]

1. d4 e6 2. Nf3 d5 3. e3 Nc6 4. c4 dxc4 5. Bxc4 Nf6 6. Nc3 Na5 7. Qa4+ c6 8. Bd3 Bd7 9. b4 c5 10. Qxa5 cxb4 11. Qxd8+ Rxd8 12. Nb5 Bxb5 13. Bxb5+ Nd7 14. Ne5 a6 15. Bxd7+ Rxd7 16. Nxd7 Kxd7 17. Bd2 Bd6 18. Rc1 a5 19. Ke2 Ke7 20. Rc2 b6 21. Rhc1 h5 22. e4 f6 23. Kf3 e5 24. d5 Bc5 25. Be3 f5 26. Bxc5+ bxc5 27. Rxc5 fxe4+ 28. Kxe4 Re8 29. Rxa5 Kf6 30. h4 Kg6 31. Rc6+ Kh7 32. d6 g6 33. Ra7+ Kh6 34. d7 Re7 35. Rd6 Rf7 36. Ra8 Rxf2 37. d8=Q Re2+ 38. Kf3 Rc2 39. Qh8# 1-0

[Event "Ste-Foy 5 2025-26"]
[Site "Ste-Foy CAN"]
[Date "2026.02.23"]
[Round "2"]
[White "Wafer, Jacques"]
[Black "Couture, Francois"]
[Result "0-1"]
[ECO "D30"]
[WhiteElo "1400"]
[BlackElo "1232"]
[WhiteFideId "-1"]
[BlackFideId "-1"]
[PlyCount "62"]
[GameId "2281852372880850"]
[EventDate "2026.02.16"]
[EventType "swiss"]
[EventRounds "5"]
[EventCountry "CAN"]
[TimeControl "5400+30"]

1. d4 d5 2. Nf3 Nf6 3. c4 e6 4. e3 c5 5. cxd5 exd5 6. Bd3 Nc6 7. a3 Bg4 8. Be2 Bd6 9. h3 Bf5 10. O-O O-O 11. Nc3 Re8 12. dxc5 Bxc5 13. Qb3 Na5 14. Qa2 Be6 15. Ng5 Nc6 16. Nxe6 Rxe6 17. b4 Bb6 18. Rd1 Rd6 19. Nb5 Rd7 20. Bf3 d4 21. e4 Ne5 22. a4 a5 23. Rb1 Nxf3+ 24. gxf3 Rc8 25. Rd3 Nh5 26. Qd2 Rc6 27. Bb2 Rc4 28. Bc3 Qf6 29. Rd1 Nf4 30. Bxd4 Qg5+ 31. Kf1 Qg2+ 0-1

[Event "Ste-Foy 5 2025-26"]
[Site "Ste-Foy CAN"]
[Date "2026.02.23"]
[Round "2"]
[White "Caron-Ouellette, Charles"]
[Black "Renzo, Alain"]
[Result "1-0"]
[ECO "C01"]
[WhiteElo "1382"]
[BlackElo "1203"]
[WhiteFideId "-1"]
[BlackFideId "-1"]
[PlyCount "119"]
[GameId "2281852445818335"]
[EventDate "2026.02.16"]
[EventType "swiss"]
[EventRounds "5"]
[EventCountry "CAN"]
[TimeControl "5400+30"]

1. e4 e6 2. Nf3 d5 3. exd5 exd5 4. d4 Nf6 5. Bg5 Be7 6. Be2 Be6 7. O-O Nbd7 8. Nbd2 O-O 9. c4 c6 10. c5 b6 11. b4 Re8 12. Qc2 Nh5 13. Bxe7 Qxe7 14. Rfe1 Nf4 15. Nf1 Nxe2+ 16. Rxe2 Qf6 17. Ng3 Bg4 18. Rxe8+ Rxe8 19. Qc3 Bxf3 20. gxf3 Qg5 21. Re1 Rxe1+ 22. Qxe1 Kf8 23. Qe2 Nf6 24. Qa6 g6 25. Qxa7 Nh5 26. Qb8+ Kg7 27. Qe5+ Qxe5 28. dxe5 bxc5 29. bxc5 Nf4 30. Kf1 Nd3 31. Ne2 Nxe5 32. Nd4 Kf8 33. Ke2 Ke7 34. f4 Nd7 35. Nxc6+ Kf6 36. Nb4 Nxc5 37. Nxd5+ Kf5 38. Kf3 h5 39. Nc3 Nd3 40. a4 Nxf4 41. a5 Ne6 42. a6 Nc7 43. a7 Na8 44. h4 Ke5 45. Ne2 f6 46. Ng3 f5 47. Ne2 Kf6 48. Kf4 Ke6 49. Kg5 Kf7 50. Nf4 Nc7 51. Nxg6 Ne6+ 52. Kxf5 Nc7 53. Nf4 Ke8 54. Kg6 Kd8 55. Nxh5 Kc8 56. Ng7 Kb7 57. h5 Nd5 58. h6 Ne7+ 59. Kf7 Nd5 60. h7 1-0

[Event "Ste-Foy 5 2025-26"]
[Site "Ste-Foy CAN"]
[Date "2026.02.23"]
[Round "2"]
[White "Monat, Henri"]
[Black "Poitras, Marc"]
[Result "1-0"]
[ECO "B08"]
[WhiteElo "1095"]
[BlackElo "1330"]
[WhiteFideId "-1"]
[BlackFideId "-1"]
[PlyCount "63"]
[GameId "2281852546747883"]
[EventDate "2026.02.16"]
[EventType "swiss"]
[EventRounds "5"]
[EventCountry "CAN"]
[TimeControl "5400+30"]

1. e4 d6 2. d4 g6 3. Nf3 Bg7 4. Bc4 Nf6 5. Nc3 Bg4 6. Be3 e5 7. dxe5 Bxf3 8. Qxf3 dxe5 9. Nd5 O-O 10. Bg5 Qd6 11. O-O-O Nxd5 12. Bxd5 Qb6 13. Be7 c6 14. Bxf8 cxd5 15. Be7 Nc6 16. Ba3 d4 17. g4 a5 18. Qb3 Qa6 19. Qd3 b5 20. Bc5 a4 21. h4 Na5 22. Qa3 Nc4 23. Qb4 Rc8 24. Kb1 Bf6 25. b3 axb3 26. cxb3 Na3+ 27. Qxa3 Qc6 28. Rc1 Qxe4+ 29. Ka1 Qxg4 30. Be7 Rxc1+ 31. Rxc1 Qxh4 32. Qa8+ 1-0

[Event "Ste-Foy 5 2025-26"]
[Site "Ste-Foy CAN"]
[Date "2026.02.23"]
[Round "2"]
[White "Deschenes, Andre-Philippe"]
[Black "Taran, Maksim"]
[Result "1-0"]
[ECO "D30"]
[WhiteElo "1256"]
[BlackElo "1094"]
[WhiteFideId "-1"]
[BlackFideId "-1"]
[PlyCount "53"]
[GameId "2281852631367159"]
[EventDate "2026.02.16"]
[EventType "swiss"]
[EventRounds "5"]
[EventCountry "CAN"]
[TimeControl "5400+30"]

1. d4 e6 2. c4 d5 3. cxd5 exd5 4. e3 c5 5. Nf3 Nc6 6. a3 Nf6 7. b3 Bd6 8. Bb2 O-O 9. Bd3 h6 10. O-O Ne4 11. Nbd2 f5 12. Ne5 Re8 13. f4 Qb6 14. Qh5 Rf8 15. dxc5 Bxe5 16. cxb6 Bxb2 17. Rad1 Nc3 18. Rde1 Bxa3 19. Rf3 axb6 20. Rg3 Rf7 21. Qxh6 Bb4 22. Qh5 Ra2 23. Rh3 Rf8 24. Nf3 Ne4 25. Bxe4 dxe4 26. Ng5 Bxe1 27. Qh7# 1-0